 Dungeon Crawl Stone Soup version 0.27-a0-1500-g450c7e4133 (webtiles) character file.

Game seed: 9697255372930026023

38 blackman the Shield-Bearer (level 3, 0/29 HPs)
             Began as a Formicid Fighter on July 7, 2021.
             Slain by a bat (1 damage)
             ... on level 2 of the Dungeon.
             The game lasted 00:04:54 (999 turns).

blackman the Shield-Bearer (Formicid Fighter)        Turns: 999, Time: 00:04:55

Health: 0/29       AC:  9    Str: 21    XL:     3   Next: 65%
Magic:  3/3        EV:  8    Int:  7    God:
Gold:   86         SH:  9    Dex: 10    Spells: 2/2 levels left

rFire    . . .     SeeInvis +   a - +0 trident
rCold    . . .     Faith    .   c - +0 kite shield
rNeg     . . .     Spirit   .   b - +0 scale mail
rPois    .         Reflect  .   (helmet unavailable)
rElec    .         Harm     .   (no cloak)
rCorr    .         Rampage  .   k - +1 pair of gloves
Will     .....                  (no boots)
Stlth    ..........             (no amulet)
HPRegen  0.09/turn              (no ring)
MPRegen  0.08/turn              (no ring)

@: flying
A: permanent stasis, dig shafts and tunnels, antennae 3, four strong arms
a: Dig, Shaft Self


You were on level 2 of the Dungeon.
You visited 1 branch of the dungeon, and saw 2 of its levels.

You collected 86 gold pieces.

Inventory:

Hand Weapons
 a - a +0 trident (weapon)
Missiles
 i - 3 boomerangs
Armour
 b - a +0 scale mail (worn)
 c - a +0 kite shield (worn)
 h - a scarf of harm
 k - a +1 pair of gloves (worn)
Scrolls
 f - a scroll of amnesia {unknown}
 g - a scroll of identify {unknown}
 j - a scroll of noise {unknown}
 m - a scroll of fear {unknown}
Potions
 d - a potion of might


   Skills:
 + Level 3.5 Fighting
 * Level 2.7 Polearms
 + Level 3.6 Armour
 * Level 4.2 Shields


You had 2 spell levels left.
You didn't know any spells.
Your spell library was empty.

Dungeon Overview and Level Annotations

Branches:
Dungeon (1/15)

Altars:

Shops:
D:1 (


Innate Abilities, Weirdness & Mutations

You cannot be hasted, slowed, berserked, paralysed or teleported.
You can dig through walls and to a lower floor.
You have a pair of large antennae on your head. (SInv)
Your four strong arms can wield two-handed weapons with a shield.


Message History

The endoplasm freezes you.
You are frozen.
You closely miss the bat. The bat hits you but does no damage.
The endoplasm hits you but does no damage.
The bat barely misses you. You block the bat's attack.
The bat completely misses you. You block the bat's attack. x2
You closely miss the bat. The bat hits you but does no damage. x2
The endoplasm hits you but does no damage.
You block the bat's attack. The bat hits you but does no damage.
You miss the bat. You block the bat's attack. The endoplasm freezes you.
You are frozen.
The bat hits you. The endoplasm closely misses you. The bat closely misses you.
You miss the bat. The bat hits you but does no damage.
The endoplasm freezes you.
You are frozen.
You block the bat's attack.
You closely miss the bat. The bat hits you but does no damage.
The endoplasm freezes you.
You are frozen.
* * * LOW HITPOINT WARNING * * *
The bat hits you but does no damage.
Press: ? - help, v - describe, . - travel The floor.
You hit the endoplasm.
The endoplasm is severely wounded.
You block the bat's attack. The endoplasm completely misses you.
The endoplasm freezes you.
You are frozen.
* * * LOW HITPOINT WARNING * * *
It was a potion of flight.
You feel very buoyant.
You fly up into the air.
The bat hits you.
* * * LOW HITPOINT WARNING * * *
The bat misses you.
The endoplasm hits you but does no damage.
It was a potion of haste.
Your stasis prevents you from being hasted.
The bat hits you.
You die...

#.####.#### #
.#.......... #.
.?.........
#.###.........
#..$..........
..............
##...)......
#############..(....#..#
......b@J...............
###############..$#.....
.............. {
######........ #.{#.....
{ ##....... #...#..# ##.
.... .#. ..


You could see an endoplasm and a bat.

Vanquished Creatures
  2 bats (D:1)
  3 endoplasms (D:1)
  A giant cockroach (D:1)
  4 goblins
  5 hobgoblins (D:1)
  2 jackals (D:1)
  A quokka (D:1)
  7 ball pythons (D:1)
  A frilled lizard (D:1)
  4 kobolds (D:1)
  4 rats (D:1)
34 creatures vanquished.

Notes
Turn   | Place    | Note
-------+----------+-------------------------------------------
     0 | D:1      | blackman the Formicid Fighter began the quest for the Orb.
     0 | D:1      | Reached XP level 1. HP: 18/18 MP: 1/1
   135 | D:1      | Reached XP level 2. HP: 23/24 MP: 2/2
   333 | D:1      | Reached skill level 4 in Shields
   546 | D:1      | Found Getogujou's Weapon Shop.
   599 | D:1      | Reached XP level 3. HP: 29/29 MP: 3/3
   967 | D:1      | You fall into a shaft and drop 1 floor!
   998 | D:2      | HP: 1/29 [bat (1)]
   999 | D:2      | Slain by a bat

Illustrated notes

Levels and vault maps discovered:
D:1:      dpeg_arrival_arbitrary_c, layout_basic,
          chequers_ecumenical_altar_simple_redux, serial_shops,
          nicolae_shop_crystal, due_unseen_surprise
D:2:      layout_basic, minmay_misc_feat_plants, cheibrodos_gnoll_hut

Skill      XL: |  1  2 |
---------------+-------+-----
Shields        | 4 |  4.2
Fighting       | |  3.5
Polearms       | |  2.7
Armour         | |  3.6

Action                   || total
-------------------------++-------
Melee: Trident           ||   133
 Abil: Dig               ||     1
  Use: Potion            ||     2
Armor: Scale mail        ||    72
Dodge: Dodged            ||    50
Block: Kite shield       ||    80

Table legend: (Time is in decaauts)
 A = Elapsed time spent in this place.
 B = Non-inter-level travel time spent in this place.
 C = Inter-level travel time spent in this place.
 D = Time resting spent in this place.
 E = Time spent auto-exploring this place.
 F = Levels seen in this place.
 G = Mean time per level.
                   A        B        C        D        E       F      G
               +--------+--------+--------+--------+--------+-----+--------+
         Total |   1045 |   1045 |      0 |      0 |    644 |   2 |  522.5 |
       Dungeon |   1045 |   1045 |      0 |      0 |    644 |   2 |  522.5 |
               +--------+--------+--------+--------+--------+-----+--------+

Top non-repeatable levels by time:
     D:1: 1009 daAuts
     D:2: 36 daAuts
